 Dungeon Crawl Stone Soup version 0.30-a0-651-g0755cc6dcf (webtiles) character file.

Game seed: 7070754290039797357

479 Decipherer the Poker (level 6, -2/84 HPs)
             Began as a Minotaur Berserker on Jan 18, 2023.
             Was a Believer of Trog.
             Slain by an ogre
             ... wielding a +0 giant spiked club
              (13 damage)
             ... on level 4 of the Dungeon.
             The game lasted 00:04:02 (3537 turns).

Decipherer the Poker (Minotaur Berserker)           Turns: 3537, Time: 00:04:03

Health: -2/84      AC: 23    Str: 23    XL:     6   Next: 86%
Magic:  5/5        EV:  2    Int:  4    God:    Trog [**....]
Gold:   129        SH:  0    Dex: 10    Spells: 5/5 levels left

rFire   . . .      SeeInvis .    a - +0 spear
rCold   . . .      Faith    .    (no shield)
rNeg    + . .      Spirit   .    (body armour currently unavailable)
rPois   +          Reflect  .    (helmet currently unavailable)
rElec   .          Harm     .    (cloak currently unavailable)
rCorr   .          Rampage  .    (gloves currently unavailable)
Will    .....      NoTele   +    (boots currently unavailable)
Stlth   +                        (no amulet)
HPRegen 0.34/turn                y - ring of positive energy
MPRegen 0.09/turn                (no ring)

@: tree-form, on berserk cooldown, slowed, very slow
A: stationary, stasis, torment immunity, boosted hp, (horns 2), (retaliatory
headbutt)
a: Renounce Religion, Berserk, Trog's Hand


You were on level 4 of the Dungeon.
You worshipped Trog.
Trog was pleased with you.
You were a tree.
You visited 1 branch of the dungeon, and saw 4 of its levels.

You collected 129 gold pieces.

Inventory:

Hand Weapons
 a - a +0 spear (weapon)
Missiles
 w - a throwing net
Armour
 b - a +0 pair of gloves (melded)
 e - a +0 cloak (melded)
 g - a +0 plate armour
 j - the +0 ring mail of Shadows and Fog (melded) {rF++ rC+ Will+ Int-2}
   (You found it on level 2 of the Dungeon)

   Int:       It affects your intelligence (-2).
   rF:        It greatly protects you from fire.
   rC:        It protects you from cold.
   Will:      It increases your willpower.
Jewellery
 y - a ring of positive energy (left branch)
Scrolls
 d - 2 scrolls of silence {unknown}
 f - 2 scrolls of brand weapon {unknown}
 k - a scroll of teleportation {unknown}
 l - a scroll of blinking {unknown}
 m - a scroll of immolation {unknown}
 n - a scroll of fog {unknown}
 o - a scroll of amnesia {unknown}
 q - 4 scrolls of identify {unknown}
 r - a scroll of magic mapping {unknown}
 u - a scroll of fear {unknown}
 v - a scroll of torment {unknown}
 A - a scroll of butterflies {unknown}
Potions
 c - a potion of lignification
 h - a potion of heal wounds {unknown}
 i - a potion of mutation {unknown}
 p - a potion of degeneration {unknown}
 s - a potion of ambrosia {unknown}
 t - 2 potions of flight {unknown}
 x - a potion of resistance {unknown}
 z - a potion of attraction {unknown}


   Skills:
 + Level 5.4 Fighting
 + Level 6.7 Polearms
 + Level 4.4 Armour
 + Level 3.5 Dodging
 + Level 0.6 Stealth


You had 5 spell levels left.
You didn't know any spells.
Your spell library contained the following spells:

 Spells                   Type           Power      Damage    Failure   Level
 Beastly Appendage        Tmut           0%         N/A       50%         1
 Freeze                   Ice            0%         1d3       50%         1
 Wereblood                Tmut           0%         N/A       65%         2
 Frozen Ramparts          Ice            0%         1d1       86%         3
 Hailstorm                Conj/Ice       0%         3d3       86%         3
 Inner Flame              Hex/Fire       0%         N/A       86%         3
 Spider Form              Tmut/Pois      0%         N/A       86%         3
 Cause Fear               Hex            0%         N/A       99%         4
 Yara's Violent Unravell  Hex/Tmut       0%         3d3       100%        5
 Enfeeble                 Hex            0%         N/A       100%        7
 Discord                  Hex            0%         N/A       100%        8


Dungeon Overview and Level Annotations

Branches:
Dungeon (4/15)
 Temple: D:4-7

Altars:
Elyvilon

Shops:
D:3 (

Annotations:
D:4 1 transporter, Citaku's ghost, amateur MiFi


Innate Abilities, Weirdness & Mutations

You are a tree.
Your roots penetrate the ground, keeping you stationary.
You cannot be teleported.
You are immune to unholy pain and torment.
Your maximum health is greatly increased.
Your equipment is partially melded.
((You have a pair of horns on your head.))
((You reflexively headbutt those who attack you in melee.))


Message History

Citaku's ghost barely misses you.
You puncture Citaku's ghost!
Citaku's ghost is moderately damaged.
You hit Citaku's ghost.
Citaku's ghost is moderately damaged.
Citaku's ghost barely misses you. The ogre misses you.
You hit Citaku's ghost.
Citaku's ghost is moderately damaged.
You puncture Citaku's ghost!
Citaku's ghost is heavily damaged.
Citaku's ghost hits you but does no damage.
You hit Citaku's ghost. Your punch misses Citaku's ghost.
Citaku's ghost is heavily damaged.
The ogre hits you with a +0 giant spiked club.
You hit Citaku's ghost but do no damage.
Citaku's ghost is heavily damaged.
Citaku's ghost hits you!
You barely miss Citaku's ghost. Your headbutt misses Citaku's ghost.
Citaku's ghost is heavily damaged.
You puncture Citaku's ghost!
Citaku's ghost is severely damaged.
Citaku's ghost hits you! The ogre closely misses you.
You puncture Citaku's ghost!
Citaku's ghost is severely damaged.
You are no longer berserk.
You are exhausted.
You feel yourself slow down.
You hit Citaku's ghost but do no damage.
Citaku's ghost is severely damaged.
Citaku's ghost hits you!
* * * LOW HITPOINT WARNING * * *
The ogre barely misses you. Citaku's ghost closely misses you.
It was a potion of lignification.
You turn into a tree.
Your +0 cloak melds into your body.
Your +0 pair of gloves melds into your body.
The +0 ring mail of Shadows and Fog {rF++ rC+ Will+ Int-2} melds into your body.
Your roots penetrate the ground.
Citaku's ghost hits you but does no damage.
The ogre hits you with a +0 giant spiked club!
You die...

.##.# #.#####.#....... .##.#
##### #.# #...#.#..... .##.#
#..######### #.#.#.##...# .##.#
#..#......# ##'########## .##.#
#..#.#..#.# #............ .##.###
#..#..##..###..#.........
.##...###..#..##..#.#..#.######..
.####.....©#.#.O#.#.#..#.#....#..
..# #.##...#(..)♣©#.#..#.#.##.#..
.## #.###.©#$#.W#.#.#..#.#(##.#..
## #># #)[#..##..#<#..#.####.#..
# #.# #.)#..##..#.#..#......#..
#####.# #..#.#..#.#.#..########..
#...[.# #..#©.....#.#............
#####.###..########.#............
.#...#.........##.#.#############
#..#..............#........#.##


You could see an ogre and Citaku's ghost.

Vanquished Creatures
  An ogre (D:4)
  Blork the orc (D:4)
  A scorpion (D:4)
  An orc priest (D:4)
  An orc wizard (D:4)
  4 adders
  10 gnolls (D:4)
  2 worms
  3 dart slugs
  8 orcs
  5 ball pythons
  5 endoplasms
  3 giant cockroaches
  7 goblins
  6 hobgoblins
  3 jackals (D:1)
  2 quokkas
  2 bats
  4 frilled lizards
  A kobold (D:2)
  3 rats
73 creatures vanquished.

Vanquished Creatures (others)
  12 plants (D:4)
12 creatures vanquished.

Grand Total: 85 creatures vanquished

Notes
Turn   | Place    | Note
-------+----------+-------------------------------------------
     0 | D:1      | Decipherer the Minotaur Berserker began the quest for the
                  | Orb.
     0 | D:1      | Reached XP level 1. HP: 19/19 MP: 0/0
   424 | D:1      | Reached XP level 2. HP: 14/27 MP: 1/1
   572 | D:1      | Reached skill level 4 in Polearms
   904 | D:2      | Identified the +0 ring mail of Shadows and Fog {rF++ rC+
                  | Will+ Int-2}
  1132 | D:2      | Reached XP level 3. HP: 33/33 MP: 2/2
  1293 | D:2      | Reached ** piety under Trog
  1644 | D:3      | Found a white marble altar of Elyvilon.
  1696 | D:3      | Reached skill level 5 in Polearms
  1791 | D:3      | Reached XP level 4. HP: 41/41 MP: 3/3
  1984 | D:3      | Found Pebigh's Weapon Boutique.
  2538 | D:4      | Reached XP level 5. HP: 23/47 MP: 4/4
  2695 | D:4      | Reached skill level 5 in Fighting
  2695 | D:4      | Reached XP level 6. HP: 43/56 MP: 5/5
  2764 | D:4      | Found a transporter.
  2766 | D:4      | Found a transporter.
  2767 | D:4      | Noticed Citaku's ghost (amateur MiFi)
  2768 | D:4      | Identified the +6 great mace "Bingo" {spect, rPois rC+++
                  | Will- Int+9}
  2776 | D:4      | Reached skill level 6 in Polearms
  3303 | D:4      | Noticed Blork the orc
  3318 | D:4      | Killed Blork the orc
  3537 | D:4      | Slain by an ogre

Illustrated notes

Levels and vault maps discovered:
D:1:      ncdulo_smallfort, layout_basic, chequers_serial_rivers_room_a
D:2:      minmay_general_purpose_star, layout_basic
D:3:      layout_loops_ring, mainiacjoe_overflow_boulevard, serial_shops,
          nicolae_square_shop, chequers_mini_garden
D:4:      layout_loops_ring, gammafunk_ghost_smash, amethyst_killhole,
          kennysheep_small_spiral, nicolae_grassy_gnolls, uniq_blork_the_orc

Skill      XL: |  1  2  3  4  5  6 |
---------------+-------------------+-----
Polearms       | 4 5 6 |  6.7
Fighting       | 4 5 |  5.4
Armour         | 3 4 |  4.4
Dodging        | 3 |  3.5
Stealth        | |  0.6

Action                   |  1- 3 |  4- 6 || total
-------------------------+-------+-------++-------
Melee: Spear             |    93 |   162 ||   255
       Headbutt          |    11 |    15 ||    26
       Punch             |       |     2 ||     2
Invok: Berserk           |       |     3 ||     3
       Trog's Hand       |       |     1 ||     1
  Use: Potion            |       |     1 ||     1
Armor: Animal skin       |     5 |       ||     5
       Plate armour      |    16 |       ||    16
       Ring mail         |       |    38 ||    38
       Leather armour    |       |     7 ||     7
       Skin              |       |     1 ||     1
Dodge: Dodged            |    36 |    70 ||   106

Table legend: (Time is in decaauts)
 A = Elapsed time spent in this place.
 B = Non-inter-level travel time spent in this place.
 C = Inter-level travel time spent in this place.
 D = Time resting spent in this place.
 E = Time spent auto-exploring this place.
 F = Levels seen in this place.
 G = Mean time per level.
                   A        B        C        D        E       F      G
               +--------+--------+--------+--------+--------+-----+--------+
         Total |   3514 |   3351 |    163 |      0 |   2790 |   4 |  878.5 |
       Dungeon |   3514 |   3351 |    163 |      0 |   2790 |   4 |  878.5 |
               +--------+--------+--------+--------+--------+-----+--------+

Top non-repeatable levels by time:
     D:4: 1220 daAuts
     D:1: 840 daAuts
     D:3: 742 daAuts
     D:2: 710 daAuts
